 Dungeon Crawl Stone Soup version bcrawl-1.21.3-16-g7f46a08de7 (webtiles) character file.

Game seed: 16010582247723708591

3376 Nr616 the Spear-Bearer (level 9, -3/78 HPs)
             Began as a Minotaur Gladiator on Apr 30, 2020.
             Was a Follower of Makhleb.
             Shot with a bolt by an orc warrior (14 damage)
             ... in a bailey.
             The game lasted 00:14:09 (7027 turns).

Nr616 the Spear-Bearer (Minotaur Gladiator)         Turns: 7027, Time: 00:14:10

Health: -3/78      AC: 10    Str: 23    XL:     9   Next: 74%
Magic:  11/11      EV:  7    Int:  6    God:    Makhleb [*.....]
Gold:   270        SH:  0    Dex: 12    Spells: 8/8 levels left

rFire    . . .     SeeInvis .   a - +0 trident
rCold    . . .     Gourm    .   (no shield)
rNeg     + . .     Faith    .   q - +0 plate armour
rPois    +         Spirit   .   (helmet unavailable)
rElec    .         Reflect  .   (no cloak)
rCorr    .         Harm     .   (no gloves)
MR       .....                  (no boots)
Stlth    ..........             (no amulet)
HPRegen  0.23/turn              k - +2 ring of strength
MPRegen  0.12/turn              y - ring of positive energy

@: no status effects
A: retaliatory headbutt, claws 1, horns 3, poison resistance, subdued magic 1
a: Renounce Religion


You were in a bailey.
You worshipped Makhleb.
Makhleb was aware of your devotion.
You were very hungry.

You visited 1 branch of the dungeon, and saw 7 of its levels.
You also visited: Bailey.

You collected 294 gold pieces.
You spent 24 gold pieces at shops.

Inventory:

Hand Weapons
 a - a +0 trident (weapon)
 s - a +3 scythe of venom
 A - a +0 halberd
 B - the +7 Singing Sword {slice}
   (You found it on level 4 of the Dungeon)

   It inflicts extra damage upon your enemies.
 E - a +0 glaive
Missiles
 d - 3 throwing nets (quivered) {!f}
Armour
 q - a +0 plate armour (worn)
Jewellery
 c - an uncursed amulet of rage {unknown}
 k - a +2 ring of strength (left claw)
 r - an uncursed ring of see invisible
 w - an uncursed ring of flight {unknown}
 y - a ring of positive energy (right claw)
Scrolls
 f - 2 scrolls of remove curse {unknown}
 h - a scroll of immolation {unknown}
 l - a scroll of enchant armour {unknown}
 m - 2 scrolls of enchant weapon {unknown}
 n - a scroll of fog {unknown}
 o - 4 scrolls of identify {unknown}
 p - 2 scrolls of amnesia {unknown}
 v - 2 scrolls of teleportation {unknown}
 D - 2 scrolls of blinking {unknown}
Potions
 g - 2 potions of mutation
 i - a potion of heal wounds
 j - 3 potions of curing
 t - a potion of degeneration {unknown}
 u - 2 potions of brilliance {unknown}
 x - a potion of magic {unknown}
 z - 2 potions of berserk rage {unknown}
 C - a potion of resistance {unknown}
Comestibles
 e - 14 rations {!d}


   Skills:
 + Level 6.7 Fighting
 * Level 13.8 Polearms
 - Level 2.0 Throwing
 - Level 3.2 Dodging
 + Level 5.0 Invocations


You had 8 spell levels left.
You didn't know any spells.
Your spell library was empty.

Dungeon Overview and Level Annotations

Branches:
Dungeon (7/12)
 Temple: D:4-7         Lair: D:7-9

Altars:
Ashenzari
Dithmenos
Fedhas
Gozag
Hepliaklqana
Makhleb
Trog
Uskayaw
Xom
Zin
The Shining One

Shops:
D:5 =


Innate Abilities, Weirdness & Mutations

You reflexively headbutt those who attack you in melee.
You have a pair of large horns on your head.
You have sharp fingernails.
Your system is resistant to poisons. (rPois)
Your spells are a little easier to cast, but a little less powerful.


Message History

The world spins around you as you enter the gateway.
You enter a bailey!
An orc, 3 orc warriors and an orc knight come into view.
The orc shouts!
The orc knight shouts!
The orc warrior shouts! x3
You hear a shout! x2
Found two gates leading back out of this place.
There is an empty arch of ancient stone here.
An orc, 2 orc warriors and an orc knight come into view.
The orc warrior shouts! x2; The orc knight shouts!
The orc warrior shoots a bolt.
The bolt hits you!
* * * LOW HITPOINT WARNING * * *
Found two gates leading back out of this place.
An orc warrior comes into view. It is wielding a +0 halberd.
The orc warrior shouts!
The orc warrior shoots a bolt.
The bolt hits you!
* * * LOW HITPOINT WARNING * * *
The orc warrior shoots a bolt.
The bolt hits you.
* * * LOW HITPOINT WARNING * * *
The orc warrior shoots a bolt.
The bolt hits you!
You die...

### #### ##∩##
####
....##.∩.##....
≈≈≈o.#...#..≈≈≈
≈o≈≈.......≈≈o≈
.oo≈.......≈oo.
≈o≈≈...@...≈≈o≈
≈≈≈..#...#..≈≈≈
....##...##..o.
#### ##∩## ####
###


You could see 2 orc knights, 6 orc warriors and 2 orcs.

Vanquished Creatures
  Pikel (D:6)
  Joseph (D:7)
  Sigmund (D:5)
  Menkaure (D:6)
  A phantom (D:6)
  2 orc warriors
  A sky beast (D:4)
  A slave (D:6)
  A necrophage (D:6)
  A centaur (D:6)
  4 bullfrogs
  8 scorpions
  A killer bee (D:7)
  4 crimson imps
  2 quasits
  2 jellies
  A bullfrog skeleton (D:6)
  A hound (D:4)
  5 orc priests
  7 orc wizards
  2 iguanas
  5 worker ants
  A howler monkey zombie (D:7)
  5 gnolls
  5 adders
  6 worms
  3 dart slugs
  4 leopard geckos
  14 orcs
  10 bats
  6 giant cockroaches
  8 hobgoblins
  14 jackals
  10 kobolds
  11 quokkas
  2 ball pythons (D:2)
  4 frilled lizards
  6 goblins
  A goblin skeleton (D:4)
  A goblin zombie (D:4)
  3 hobgoblin zombies (D:4)
  2 jackal zombies (D:5)
  4 kobold zombies (D:4)
  A leopard gecko skeleton (D:4)
  An orc skeleton (D:4)
  8 rats
183 creatures vanquished.

Vanquished Creatures (others)
  A slave (D:6)
  4 toadstools (D:1)
5 creatures vanquished.

Grand Total: 188 creatures vanquished

Notes
Turn   | Place    | Note
-------+----------+-------------------------------------------
     0 | D:1      | Nr616 the Minotaur Gladiator began the quest for the Orb.
     0 | D:1      | Reached XP level 1. HP: 18/18 MP: 0/0
   163 | D:1      | Reached skill level 4 in Polearms
   303 | D:1      | Reached XP level 2. HP: 25/25 MP: 1/1
   763 | D:1      | Reached skill level 5 in Polearms
   939 | D:2      | Reached XP level 3. HP: 30/30 MP: 2/2
  1214 | D:2      | Found a shadowy altar of Dithmenos.
  1578 | D:2      | Reached skill level 6 in Polearms
  1578 | D:2      | Reached XP level 4. HP: 37/37 MP: 3/3
  1703 | D:2      | Found a shimmering altar of Xom.
  1836 | D:3      | Gained mutation: You have sharp fingernails. [potion of
                  | mutation]
  1836 | D:3      | Gained mutation: Your spells are a little easier to cast,
                  | but a little less powerful. [potion of mutation]
  1836 | D:3      | Gained mutation: You have a pair of large horns on your
                  | head. [potion of mutation]
  1836 | D:3      | Gained mutation: Your system is resistant to poisons.
                  | (rPois) [potion of mutation]
  2096 | D:3      | Found a glowing silver altar of Zin.
  2134 | D:3      | Reached skill level 7 in Polearms
  2134 | D:3      | Reached XP level 5. HP: 39/42 MP: 4/4
  2174 | D:3      | Found an opulent altar of Gozag.
  2830 | D:4      | Reached skill level 8 in Polearms
  2832 | D:4      | Reached XP level 6. HP: 47/50 MP: 5/5
  3146 | D:4      | Reached skill level 9 in Polearms
  3489 | D:4      | Reached XP level 7. HP: 51/56 MP: 6/6
  3515 | D:4      | Reached skill level 10 in Polearms
  3625 | D:4      | Found the +7 Singing Sword {slice}
  3830 | D:4      | Found a hide-covered altar of Uskayaw.
  3978 | D:4      | Found a burning altar of Makhleb.
  3979 | D:4      | Found a shattered altar of Ashenzari.
  3983 | D:4      | Became a worshipper of Makhleb the Destroyer
  4025 | D:4      | Found a hazy altar of Hepliaklqana.
  4053 | D:4      | Reached skill level 11 in Polearms
  4059 | D:4      | Found a glowing golden altar of the Shining One.
  4198 | D:5      | Entered Level 5 of the Dungeon
  4243 | D:5      | Found Rarghi's Jewellery Boutique.
  4247 | D:5      | Bought a cursed -5 ring of evasion for 24 gold pieces
  4285 | D:5      | Found a shadowy altar of Dithmenos.
  4415 | D:5      | Reached XP level 8. HP: 56/62 MP: 7/7
  4453 | D:5      | Reached skill level 1 in Invocations
  4527 | D:5      | Noticed Sigmund
  4541 | D:5      | Killed Sigmund
  4863 | D:6      | Reached * piety under Makhleb
  4868 | D:6      | Noticed Pikel
  4904 | D:6      | Killed Pikel
  4904 | D:6      | Reached skill level 12 in Polearms
  5064 | D:6      | Found a blossoming altar of Fedhas.
  5090 | D:6      | Reached skill level 5 in Fighting
  5100 | D:6      | Reached XP level 9. HP: 66/74 MP: 10/10
  5966 | D:6      | Noticed Menkaure
  5973 | D:6      | Killed Menkaure
  6041 | D:6      | Reached skill level 13 in Polearms
  6352 | D:6      | Found a bloodstained altar of Trog.
  6790 | D:7      | Found a flagged portal.
  6841 | D:7      | Noticed Joseph
  7001 | D:7      | Killed Joseph
  7001 | D:7      | Reached skill level 5 in Invocations
  7023 | Bailey   | Entered a bailey
  7023 | Bailey   | Noticed an orc knight
  7024 | Bailey   | Noticed an orc knight
  7027 | Bailey   | Shot with a bolt by an orc warrior

Skill      XL: |  1  2  3  4  5  6  7  8  9 |
---------------+----------------------------+-----
Polearms       | 4 5 6 7 8 9 11 12 13 | 13.8
Invocations    | 3 5 |  5.0
Fighting       | 5 6 |  6.7
Throwing       | |  2.0
Dodging        | |  3.2

Action                   |  1- 3 |  4- 6 |  7- 9 || total
-------------------------+-------+-------+-------++-------
Melee: Trident           |   104 |   152 |   354 ||   610
       Headbutt          |    10 |    23 |    58 ||    91
  Use: Potion            |       |     7 |     1 ||     8
 Stab: Sleeping          |     3 |       |       ||     3
       Held in net/web   |       |       |     1 ||     1
  Eat: Chunk             |     2 |     6 |     7 ||    15
       Ration            |       |       |     1 ||     1
Armor: Leather armour    |     8 |       |       ||     8
       Plate armour      |    11 |   108 |   130 ||   249
Dodge: Dodged            |    26 |    46 |    56 ||   128
